 Dungeon Crawl Stone Soup version 0.29-a0-319-gad05b8d819 (webtiles) character file.

Game seed: 8599669031898124864

6169 snetch the Basher (level 10, 0/91 HPs)
             Began as a Minotaur Berserker on Apr 1, 2022.
             Was a High Priest of Trog.
             Killed from afar by an electric eel (14 damage)
             ... with a bolt of electricity
             ... on level 9 of the Dungeon.
             The game lasted 00:20:06 (7889 turns).

snetch the Basher (Minotaur Berserker)              Turns: 7889, Time: 00:20:07

Health: 0/91       AC: 20    Str: 25    XL:     10   Next: 60%
Magic:  9/9        EV: 12    Int:  4    God:    Trog [*****.]
Gold:   620        SH:  0    Dex: 11    Spells: 9/9 levels left

rFire   + + .      SeeInvis .   a - +7 great mace "Firestarter" {inner flame, rF++}
rCold   . . .      Faith    +   (shield currently unavailable)
rNeg    . . .      Spirit   .   I - +0 plate armour
rPois   .          Reflect  .   (helmet restricted)
rElec   .          Harm     .   (no cloak)
rCorr   .          Rampage  .   o - +0 pair of gloves
Will    .....                   v - +0 pair of boots
Stlth   ..........              h - amulet of faith
HPRegen 0.25/turn               k - +4 ring of evasion
MPRegen 0.11/turn               w - +4 ring of protection

@: on berserk cooldown, slowed, very slow
A: horns 2, retaliatory headbutt
a: Renounce Religion, Berserk, Trog's Hand, Brothers in Arms


You were on level 9 of the Dungeon.
You worshipped Trog.
Trog was extremely pleased with you.
You visited 2 branches of the dungeon, and saw 10 of its levels.
You also visited: Sewer.

You collected 620 gold pieces.

Inventory:

Hand Weapons
 a - the +7 great mace "Firestarter" (weapon) {inner flame, rF++}
   (You found it on level 4 of the Dungeon)

   It burns those it strikes, dealing additional fire damage.
   It fills those it strikes with an explosive inner flame.
   It grants immunity to clouds of flame.
   rF:        It greatly protects you from fire.
 b - the +6 scimitar "Leryopuunla" {venom, Contam rF+++ Int+5}
   (You found it on level 5 of the Dungeon)

   It poisons the flesh of those it strikes.
   Int:       It affects your intelligence (+5).
   rF:        It renders you almost immune to fire.
   Contam:    It causes magical contamination when unequipped.
 c - a +0 halberd
 z - a +1 battleaxe of freezing
 D - a +1 hand axe
 M - a +5 executioner's axe of flaming
 N - a +0 bardiche
 O - a +0 trident
Missiles
 e - 326 stones
 F - 28 poisoned darts (quivered)
 P - 2 boomerangs
Armour
 o - a +0 pair of gloves (worn)
 v - a +0 pair of boots (worn)
 I - a +0 plate armour (worn)
Jewellery
 h - an amulet of faith (around neck)
 k - a +4 ring of evasion (left hand)
 w - a +4 ring of protection (right hand)
Wands
 y - a wand of polymorph (11)
 K - a wand of flame (10)
 Q - a wand of digging (5)
 S - a wand of iceblast (8)
Scrolls
 d - a scroll of blinking {unknown}
 f - 3 scrolls of fog {unknown}
 l - a scroll of brand weapon {unknown}
 m - 2 scrolls of amnesia {unknown}
 n - 3 scrolls of teleportation {unknown}
 p - 2 scrolls of magic mapping {unknown}
 s - 3 scrolls of fear {unknown}
 u - a scroll of summoning {unknown}
 A - 2 scrolls of enchant armour {unknown}
 B - 10 scrolls of identify {unknown}
 C - a scroll of enchant weapon {unknown}
 G - a scroll of noise {unknown}
 H - 3 scrolls of immolation {unknown}
 R - a scroll of vulnerability {unknown}
Potions
 g - 3 potions of might {unknown}
 i - a potion of magic {unknown}
 j - 2 potions of mutation {unknown}
 q - 4 potions of flight {unknown}
 r - 2 potions of haste {unknown}
 t - 5 potions of curing
 x - 2 potions of degeneration {unknown}
 E - a potion of brilliance {unknown}
 J - a potion of attraction {unknown}
 L - a potion of lignification {unknown}


   Skills:
 + Level 9.0 Fighting
 + Level 5.3(10.6) Axes
 + Level 14.1(14.5) Maces & Flails
 + Level 0.3 Throwing
 + Level 8.3 Armour
 + Level 3.9 Dodging
 + Level 1.4 Stealth


You had 9 spell levels left.
You didn't know any spells.
Your spell library contained the following spells:

 Spells                   Type           Power      Damage    Failure   Level
 Beastly Appendage        Tmut           0%         N/A       100%        1
 Ensorcelled Hibernation  Hex/Ice        0%         N/A       100%        2
 Static Discharge         Conj/Air       0%         N/A       100%        2
 Wereblood                Tmut           0%         N/A       100%        2
 Gell's Gravitas          Tloc           0%         N/A       100%        3
 Lesser Beckoning         Tloc           0%         N/A       100%        3
 Spider Form              Tmut/Pois      0%         N/A       100%        3
 Teleport Other           Tloc           0%         N/A       100%        3
 Tukima's Dance           Hex            0%         N/A       100%        3
 Anguish                  Hex/Necr       0%         N/A       100%        4
 Animate Dead             Necr           0%         N/A       100%        4
 Passage of Golubria      Tloc           0%         N/A       100%        4
 Borgnjor's Vile Clutch   Necr/Erth      0%         N/A       100%        5
 Lightning Bolt           Conj/Air       0%         1d11      100%        5
 Yara's Violent Unravell  Hex/Tmut       0%         3d3       100%        5
 Death Channel            Necr           0%         N/A       100%        6
 Maxwell's Capacitive Co  Air            0%         ∞         100%        8


Dungeon Overview and Level Annotations

Branches:
Dungeon (9/15)             Temple (1/1) D:7           Sewer (visited)
   Lair: D:8-11         Orc: D:9-12

Altars:
Ashenzari
Cheibriados
Dithmenos
Elyvilon
Fedhas
Gozag
Hepliaklqana
Kikubaaqudgha
Makhleb
Nemelex Xobeh
Okawaru
Qazlal
Ru
Sif Muna
Trog
Uskayaw
Vehumet
Wu Jian
Xom
Yredelemnul
Zin
The Shining One


Innate Abilities, Weirdness & Mutations

You have a pair of horns on your head.
You reflexively headbutt those who attack you in melee.


Message History

Your Fighting skill increases to level 9!
You feel a strong urge to attack something.
You feel the effects of Trog's Hand fading.
You enter the shallow water.
Moving in this stuff is going to be slow.
You feel your anger nearly subside.
You are no longer berserk.
You are exhausted.
You feel yourself slow down.
You enter the shallow water.
Moving in this stuff is going to be slow.
An electric eel comes into view.
The electric eel shoots out a bolt of lightning at you!
The bolt of electricity misses you.
Your skin stops crawling.
You feel less strong-willed.
The electric eel shoots out a bolt of lightning at you!
The bolt of electricity misses you.
The electric eel shoots out a bolt of lightning at you!
The bolt of electricity misses you.
Press: ? - help, v - describe, . - travel Some shallow water.
The electric eel shoots out a bolt of lightning at you!
The bolt of electricity hits you.
* * * LOW HITPOINT WARNING * * *
The electric eel shoots out a bolt of lightning at you!
The bolt of electricity hits you!
* * * LOW HITPOINT WARNING * * *
You enter the shallow water.
Moving in this stuff is going to be slow.
The electric eel shoots out a bolt of lightning at you!
The bolt of electricity misses you.
The electric eel shoots out a bolt of lightning at you!
The bolt of electricity misses you.
You closely miss the electric eel.
The electric eel shoots out a bolt of lightning at you!
The bolt of electricity hits you.
* * * LOW HITPOINT WARNING * * *
You miss the electric eel. Your headbutt misses the electric eel.
The electric eel shoots out a bolt of lightning at you!
The bolt of electricity hits you!
You die...

#.♣♣≈≈≈≈≈≈≈P≈≈≈≈
#♣PP≈♣≈≈≈≈≈≈≈≈≈≈
♣≈P≈≈≈P≈≈≈≈≈≈≈≈≈
≈≈P♣≈≈≈≈≈≈≈≈≈≈≈≈
♣≈≈≈≈≈≈≈≈≈≈≈≈≈≈
♣≈P≈≈≈♣≈≈≈≈≈≈≈
..♣♣≈≈≈≈≈≈≈P≈≈≈≈
....≈♣≈†S≈≈≈≈≈≈≈
.....≈≈.@.≈≈≈≈≈≈
#+#####≈≈≈≈P≈≈♣♣
+......#...♣♣≈♣
#......#........
#......#........
#......#......#
##.....#......#
#.....########
#.....#


You could see an electric eel.

Vanquished Creatures
  A tengu warrior (D:7)
  The ghost of ArthosElwyn the Protected, a novice MiGl of Dithmenos (D:7)
  An ugly thing (D:7)
  A vampire (D:9)
  3 yaks (D:6)
  A wraith (D:9)
  Menkaure (D:4)
  2 water moccasins
  3 black bears
  An orc warrior (D:6)
  2 ice beasts (D:7)
  Pargi (Sewer)
  2 sky beasts
  3 centaurs
  4 phantoms
  2 kobold brigands
  3 bullfrogs
  A scorpion (D:6)
  2 necrophages (D:7)
  4 wights (D:8)
  The ghost of oldriver the Shooter, a weakling NaHu (D:4)
  5 killer bees (D:7)
  3 howler monkeys (D:8)
  4 electric eels (D:9)
  A hound (D:6)
  3 jellies
  2 gnoll shamans
  4 orc priests
  3 iguanas
  Terence (D:2)
  7 orc wizards
  Natasha (thrice) (D:4)
  A killer bee zombie (D:4)
  13 gnolls
  A howler monkey skeleton (D:4)
  10 adders
  A shadow imp (D:7)
  An ufetubus (D:6)
  4 worms
  3 dart slugs
  21 orcs
  11 endoplasms
  3 giant cockroaches
  6 goblins
  7 hobgoblins
  2 jackals (D:1)
  17 kobolds
  4 quokkas
  5 ball pythons
  7 bats
  5 frilled lizards
  9 rats
  A plant (D:9)
208 creatures vanquished.

Vanquished Creatures (others)
  8 plants (D:9)
8 creatures vanquished.

Grand Total: 216 creatures vanquished

Notes
Turn   | Place    | Note
-------+----------+-------------------------------------------
     0 | D:1      | snetch the Minotaur Berserker began the quest for the Orb.
     0 | D:1      | Reached XP level 1. HP: 19/19 MP: 0/0
    85 | D:3      | Found a faded altar of an unknown god.
   205 | D:1      | Reached XP level 2. HP: 24/27 MP: 1/1
   832 | D:2      | Reached XP level 3. HP: 17/33 MP: 2/2
  1076 | D:2      | Reached ** piety under Trog
  1499 | D:2      | Noticed Terence
  1507 | D:2      | Killed Terence
  1508 | D:2      | Reached XP level 4. HP: 40/41 MP: 3/3
  1572 | D:3      | Reached skill level 5 in Axes
  2442 | D:4      | Found the +7 great mace "Firestarter" {inner flame, rF++}
  2558 | D:4      | Reached *** piety under Trog
  2577 | D:4      | Reached XP level 5. HP: 47/47 MP: 4/4
  2582 | D:4      | Reached skill level 5 in Fighting
  2609 | D:4      | Reached skill level 1 in Maces & Flails
  2771 | D:5      | Entered Level 5 of the Dungeon
  2771 | D:5      | Noticed a sky beast
  2779 | D:5      | Killed a sky beast
  2780 | D:5      | Reached skill level 3 in Maces & Flails
  2866 | D:4      | Found a runed translucent gate.
  2866 | D:4      | Found a runed translucent gate.
  2866 | D:4      | Found a runed translucent gate.
  2879 | D:4      | Noticed Natasha
  2885 | D:4      | Killed Natasha
  2886 | D:4      | Reached XP level 6. HP: 56/56 MP: 5/5
  2942 | D:5      | Identified the +6 scimitar "Leryopuunla" {venom, Contam
                  | rF+++ Int+5}
  2977 | D:4      | You fall into a shaft and drop 2 floors!
  2990 | D:6      | Reached skill level 4 in Maces & Flails
  3002 | D:6      | Found a glowing drain.
  3025 | Sewer    | Entered a sewer
  3187 | Sewer    | Noticed Pargi
  3189 | Sewer    | Killed Pargi
  3190 | Sewer    | Reached skill level 5 in Maces & Flails
  3296 | D:6      | Reached XP level 7. HP: 39/61 MP: 6/6
  3323 | D:6      | Reached skill level 6 in Maces & Flails
  3333 | D:5      | Reached **** piety under Trog
  3351 | D:5      | Reached skill level 7 in Maces & Flails
  3353 | D:5      | Reached skill level 5 in Armour
  3386 | D:5      | Reached XP level 8. HP: 32/70 MP: 7/7
  3603 | D:5      | Found an opulent altar of Gozag.
  3660 | D:5      | Reached skill level 8 in Maces & Flails
  3814 | D:6      | Reached skill level 9 in Maces & Flails
  4266 | D:4      | Noticed Menkaure
  4267 | D:4      | Noticed Natasha
  4271 | D:4      | Killed Natasha
  4271 | D:4      | Killed Menkaure
  4338 | D:4      | Noticed oldriver's ghost (weakling NaHu)
  4342 | D:4      | Killed oldriver's ghost
  4499 | D:4      | Noticed Natasha
  4501 | D:4      | Killed Natasha
  4541 | D:6      | Reached skill level 10 in Maces & Flails
  4632 | D:6      | Reached XP level 9. HP: 55/78 MP: 8/8
  4765 | D:6      | Reached ***** piety under Trog
  4766 | D:6      | Reached skill level 11 in Maces & Flails
  4766 | D:6      | Reached skill level 1 in Stealth
  5273 | D:7      | Reached skill level 12 in Maces & Flails
  5323 | D:7      | Found a staircase to the Ecumenical Temple.
  5336 | Temple   | Entered the Ecumenical Temple
  5908 | D:7      | Found a runed translucent gate.
  5908 | D:7      | Found a runed translucent gate.
  5908 | D:7      | Found an opulent altar of Gozag.
  5908 | D:7      | Found a runed translucent gate.
  5915 | D:7      | Noticed ArthosElwyn's ghost (novice MiGl)
  5915 | D:7      | Noticed a red ugly thing
  5915 | D:7      | Noticed a tengu warrior
  6273 | D:7      | Received a gift from Trog
  6278 | D:7      | Killed ArthosElwyn's ghost
  6279 | D:7      | Reached XP level 10. HP: 88/88 MP: 9/9
  6279 | D:7      | Killed a tengu warrior
  6280 | D:7      | Reached skill level 13 in Maces & Flails
  6280 | D:7      | Killed a red ugly thing
  7859 | D:9      | Reached skill level 14 in Maces & Flails
  7889 | D:9      | Killed from afar by an electric eel

Illustrated notes

Levels and vault maps discovered:
D:1:      dpeg_arrival_round_c, layout_basic
D:2:      layout_basic, minmay_split_cup_large, uniq_terence
D:3:      layout_rooms, ebering_ecumenical_altar_abandoned
D:4:      layout_loops_ring, gammafunk_ghost_necromancy,
          guppyfry_early_lair_pool, uniq_natasha, uniq_menkaure
D:5:      layout_cave_pools, old_standard_altar
D:6:      layout_rooms, portal_sewer_entry_a
D:7:      layout_basic, temple_hall, ebering_ghost_gozag,
          kennysheep_generic_room_7
D:8:      layout_layer_cave, serial_glass, glass_columns_a, glass_columns_a
D:9:      layout_stronghold, david_orc_5, serial_bayou, serial_bayou_pond_a,
          serial_bayou_lake_a, serial_bayou_pond_a, serial_bayou_ford_a
Temple:   mainiacjoe_temple_trianglar_array

Skill      XL: |  1  2  3  4  5  6  7  8  9 10 |
---------------+-------------------------------+-----
Fighting       | 4 5 6 8 9 |  9.0
Axes           | 4 5 |  5.3
Armour         | 3 4 5 7 8 |  8.3
Maces & Flails | 3 5 7 10 12 14 | 14.1
Dodging        | 3 |  3.9
Stealth        | 1 |  1.4
Throwing       | |  0.3

Action                   |  1- 3 |  4- 6 |  7- 9 | 10-12 || total
-------------------------+-------+-------+-------+-------++-------
Melee: Hand axe          |    91 |       |       |       ||    91
       Punch             |     1 |       |       |       ||     1
       Headbutt          |     8 |     7 |    15 |    10 ||    40
       Flail             |       |    36 |       |       ||    36
       Great mace        |       |    58 |   108 |    59 ||   225
Throw: Dart              |       |       |       |     5 ||     5
Invok: Trog's Hand       |       |     1 |     1 |     1 ||     3
       Berserk           |       |       |     1 |     1 ||     2
Armor: Leather armour    |    16 |       |       |       ||    16
       Chain mail        |       |    38 |    25 |       ||    63
       Scale mail        |       |     3 |       |       ||     3
       Ring mail         |       |     2 |       |       ||     2
       Plate armour      |       |       |    39 |    33 ||    72
Dodge: Dodged            |    60 |    86 |    89 |    32 ||   267

Table legend: (Time is in decaauts)
 A = Elapsed time spent in this place.
 B = Non-inter-level travel time spent in this place.
 C = Inter-level travel time spent in this place.
 D = Time resting spent in this place.
 E = Time spent auto-exploring this place.
 F = Levels seen in this place.
 G = Mean time per level.
                   A        B        C        D        E       F      G
               +--------+--------+--------+--------+--------+-----+--------+
         Total |   8007 |   7644 |    363 |    114 |   5648 |  11 |  727.9 |
       Dungeon |   7390 |   7037 |    353 |    114 |   5111 |   9 |  821.1 |
        Temple |    373 |    363 |     10 |      0 |    360 |   1 |  373.0 |
         Sewer |    243 |    243 |      0 |      0 |    177 |   1 |  243.0 |
               +--------+--------+--------+--------+--------+-----+--------+

Top non-repeatable levels by time:
     D:8: 1412 daAuts
     D:1: 1125 daAuts
     D:5: 965 daAuts
     D:2: 850 daAuts
     D:6: 846 daAuts
     D:7: 818 daAuts
     D:4: 794 daAuts
     D:3: 480 daAuts
  Temple: 373 daAuts
   Sewer: 243 daAuts
     D:9: 97 daAuts
